 Dungeon Crawl Stone Soup version 0.26-a0-771-g060e6a62af (webtiles) character file.

Game seed: 14096321157112761542

170 marklar909 the Ruffian (level 5, -4/40 HPs)
             Began as a Draconian Transmuter on Nov 9, 2020.
             Slain by an iguana (13 damage)
             ... on level 3 of the Dungeon.
             The game lasted 00:05:21 (3693 turns).

marklar909 the Ruffian (Draconian Transmuter)       Turns: 3693, Time: 00:05:21

Health: -4/40      AC:  6    Str: 13    XL:     5   Next: 26%
Magic:  8/9        EV: 12    Int: 14    God:
Gold:   149        SH:  0    Dex: 11    Spells: 3/9 levels left

rFire    . . .     SeeInvis .     - Unarmed
rCold    . . .     Faith    .   (no shield)
rNeg     . . .     Spirit   .   (armour unavailable)
rPois    .         Reflect  .   (helmet currently unavailable)
rElec    .         Harm     .   b - +0 cloak
rCorr    .         Rampage  .   (no gloves)
MR       .....                  (boots currently unavailable)
Stlth    +.........             (no amulet)
HPRegen  0.13/turn              (no ring)
MPRegen  0.11/turn              (no ring)

@: lethally poisoned (-4 -> -6), appendages (expiring), hasted, very quick
A: unfitting armour, horns 2, talons 2, cold-blooded, AC +5
a: End Transformation


You were on level 3 of the Dungeon.
You had grown temporary horns.
You had grown temporary talons.
You visited 1 branch of the dungeon, and saw 4 of its levels.

You collected 149 gold pieces.

Inventory:

Armour
 b - a +0 cloak (worn)
 p - a +1 pair of boots (melded)
 r - a +2 hat (melded)
Scrolls
 e - 4 scrolls of identify
 i - a scroll of teleportation
Potions
 a - a potion of flight
 f - a potion of haste
 g - a potion of resistance {unknown}
 k - a potion of ambrosia {unknown}
 l - a potion of attraction {unknown}
 m - a potion of brilliance {unknown}
 n - a potion of magic {unknown}
 o - a potion of might {unknown}


   Skills:
 + Level 1.1 Fighting
 + Level 2.5 Dodging
 + Level 0.5 Stealth
 + Level 4.6 Unarmed Combat
 + Level 2.7 Spellcasting
 + Level 2.8 Transmutations
 + Level 0.1 Poison Magic


You had 3 spell levels left.
You knew the following spells:

 Your Spells              Type           Power        Failure   Level
a - Beastly Appendage     Tmut           #.....       7%          1
b - Wereblood             Tmut           #.......     11%         2
c - Spider Form           Tmut/Pois      #.........   36%         3

Your spell library contained the following spells:

 Spells                   Type           Power        Failure   Level
 Ice Form                 Ice/Tmut       #.......     77%         4
 Blade Hands              Tmut           #.........   88%         5


Dungeon Overview and Level Annotations

Branches:
Dungeon (4/15)
 Temple: D:4-7

Altars:


Innate Abilities, Weirdness & Mutations

Your plain brown scales are hard. (AC +5)
You cannot fit into any form of body armour.
You are cold-blooded and may be slowed by cold attacks.
You have a pair of horns on your head.
You have razor-sharp toenails.


Message History

Your primal bloodlust has ended.
You hit the iguana but do no damage. Your kick misses the iguana.
The iguana barely misses you.
You barely miss the iguana. You claw the iguana.
The iguana is lightly wounded.
You feel sick. The iguana barely misses you.
You hit the iguana.
The iguana is lightly wounded.
The iguana closely misses you.
You closely miss the iguana.
The iguana is lightly wounded.
Your transformation is almost over.
You hit the iguana.
The iguana is moderately wounded.
The iguana bites you.
* * * LOW HITPOINT WARNING * * *
You hit the iguana. You claw the iguana, but do no damage.
The iguana is heavily wounded.
The iguana bites you!
You die...

#........###.##
#........# #.# #.......##
#.# ###...### #.#
######...# #.# #.......##
#.# #...>...# #.#
#..###..#######.#
#..###..#...l@..#
#..#........###.#
#..#.#..#.#.###.#########
#.)#.#..#.#.##.....##..[#
#..#.#..#.#.............#
#.......#.####.....##...#
##.#.##.#.......######.##
#.#.##.#######.# #.#
#.#.##.# #.# #.#


You could see an iguana.

Vanquished Creatures
  A hound (D:3)
  3 adders
  An ooze (D:1)
  A worm (D:3)
  2 dart slugs (D:3)
  A leopard gecko (D:2)
  11 orcs (D:3)
  10 bats
  2 giant cockroaches
  12 goblins
  7 hobgoblins
  4 jackals (D:2)
  14 kobolds
  2 ball pythons
  2 frilled lizards
  14 rats
87 creatures vanquished.

Vanquished Creatures (others)
  2 plants (D:3)
  14 toadstools (D:1)
16 creatures vanquished.

Grand Total: 103 creatures vanquished

Notes
Turn   | Place    | Note
-------+----------+-------------------------------------------
     0 | D:1      | marklar909 the Draconian Transmuter began the quest for the
                  | Orb.
     0 | D:1      | Reached XP level 1. HP: 16/16 MP: 3/3
    55 | D:1      | Reached XP level 2. HP: 16/23 MP: 3/5
   188 | D:1      | Learned a level 2 spell: Wereblood
   945 | D:2      | Reached XP level 3. HP: 28/28 MP: 4/6
  1018 | D:2      | Learned a level 3 spell: Spider Form
  1481 | D:2      | Reached skill level 4 in Unarmed Combat
  1815 | D:2      | Reached XP level 4. HP: 35/35 MP: 3/7
  3666 | D:4      | Reached XP level 5. HP: 33/40 MP: 6/9
  3693 | D:3      | Slain by an iguana

Illustrated notes

Levels and vault maps discovered:
D:1:      nagdon_arrival_zigzag_paths, layout_basic
D:2:      layout_loops_corners, st_stairs_3
D:3:      layout_loops_corners, corexii_shack
D:4:      layout_rooms, serial_shops, shop

Skill      XL: |  1  2  3 |
---------------+----------+-----
Dodging        | 2 |  2.5
Unarmed Combat | 4 |  4.6
Fighting       | |  1.1
Stealth        | |  0.5
Spellcasting   | |  2.7
Transmutations | |  2.8
Poison Magic   | |  0.1

Action                   |  1- 3 |  4- 6 || total
-------------------------+-------+-------++-------
Melee: Unarmed           |    98 |   120 ||   218
       Kick              |    19 |    26 ||    45
       Headbutt          |     8 |    10 ||    18
       Tailslap          |     9 |     3 ||    12
       Punch             |       |     1 ||     1
 Cast: Beastly Appendage |    28 |    25 ||    53
       Wereblood         |    10 |    10 ||    20
       Spider Form       |       |     4 ||     4
  Use: Scroll            |       |     9 ||     9
       Potion            |       |     1 ||     1
Armor: Skin              |    42 |    41 ||    83
Dodge: Dodged            |    63 |    97 ||   160

Table legend: (Time is in decaauts)
 A = Elapsed time spent in this place.
 B = Non-inter-level travel time spent in this place.
 C = Inter-level travel time spent in this place.
 D = Time resting spent in this place.
 E = Time spent auto-exploring this place.
 F = Levels seen in this place.
 G = Mean time per level.
                   A        B        C        D        E       F      G
               +--------+--------+--------+--------+--------+-----+--------+
         Total |   3674 |   3519 |    155 |    107 |   2812 |   4 |  918.5 |
       Dungeon |   3674 |   3519 |    155 |    107 |   2812 |   4 |  918.5 |
               +--------+--------+--------+--------+--------+-----+--------+

Top non-repeatable levels by time:
     D:3: 1530 daAuts
     D:2: 1268 daAuts
     D:1: 852 daAuts
     D:4: 21 daAuts
